 Dungeon Crawl Stone Soup version 0.25.1-2-g60ff931df9 (webtiles) character file.

Game seed: 10958996965199224896

558 lepoulpe303 the Sneak (level 7, 0/48 HPs)
             Began as a Spriggan Earth Elementalist on Aug 26, 2020.
             Slain by a killer bee (1 damage)
             ... on level 3 of the Dungeon.
             The game lasted 00:17:46 (4943 turns).

lepoulpe303 the Sneak (Spriggan Earth Elementalist) Turns: 4943, Time: 00:17:47

Health: 0/48       AC: 23    Str:  4    XL:     7   Next: 9%
Magic:  12/16      EV:  4    Int: 18    God:
Gold:   126        SH:  0    Dex: 17    Spells: 2/16 levels left

rFire    . . .     SeeInvis +   a - +1 dagger
rCold    . . .     Gourm    .   (shield restricted)
rNeg     + + +     Faith    .   (armour currently unavailable)
rPois    +         Spirit   .   (helmet currently unavailable)
rElec    .         Reflect  .   (cloak currently unavailable)
rCorr    .         Harm     .   (gloves unavailable)
MR       +....     NoTele   +   (boots unavailable)
Stlth    +++.......             (no amulet)
HPRegen  0.16/turn              P - ring of poison resistance
MPRegen  0.15/turn              (no ring)

@: tree-form
A: very small, unfitting armour, see invisible, herbivore, slow metabolism 2
a: no special abilities


You were on level 3 of the Dungeon.
You were not hungry.
You were a tree.
You visited 1 branch of the dungeon, and saw 4 of its levels.
You also visited: Sewer.

You collected 126 gold pieces.

Inventory:

Hand Weapons
 a - a +1 dagger (weapon)
Missiles
 w - 16 poisoned darts (quivered)
 Q - 38 stones
Armour
 c - a +0 robe (melded)
Magical Staves
 r - an uncursed staff of cold {unknown}
Jewellery
 d - an uncursed ring of stealth {unknown}
 g - an uncursed ring of wizardry {unknown}
 P - a ring of poison resistance (left branch)
Wands
 b - a wand of flame (16)
 v - a wand of iceblast (9)
Scrolls
 i - a scroll of identify
 n - a scroll of enchant armour {unknown}
 q - a scroll of remove curse {unknown}
 t - a scroll of teleportation {unknown}
 u - a scroll of amnesia {unknown}
 x - a scroll of fear {unknown}
Potions
 f - 2 potions of stabbing {unknown}
 h - 2 potions of lignification {!q}
 j - 3 potions of flight
 k - a potion of cancellation {unknown}
 l - a potion of curing {unknown}
 m - a potion of berserk rage {unknown}
 o - a potion of brilliance {unknown}
 p - a potion of magic {unknown}
 s - a potion of mutation {unknown}
Comestibles
 e - 3 rations


   Skills:
 + Level 0.8 Short Blades
 + Level 4.9 Dodging
 + Level 5.3 Stealth
 * Level 5.3 Spellcasting
 * Level 3.4 Hexes
 - Level 1.3 Transmutations
 * Level 4.3 Earth Magic


You had 2 spell levels left.
You knew the following spells:

 Your Spells              Type           Power        Failure   Level  Hunger
a - Sandblast             Erth           ###...       2%          1    None
c - Confusing Touch       Hex            ###.....     9%          3    ##.....
w - Passwall              Tmut/Erth      ###.....     6%          2    #......
x - Stone Arrow           Conj/Erth      ##....       16%         3    ##.....
z - Lee's Rapid Deconstr  Erth           ###.......   52%         5    ######.

Your spell library contained the following spells:

 Spells                   Type           Power        Failure   Level  Hunger
 Gell's Gravitas          Tloc           #.........   36%         3    ##.....
 Petrify                  Tmut/Erth      ###.....     36%         4    ####...
 Yara's Violent Unravell  Hex/Tmut       ##........   78%         5    ######.
 Metabolic Englaciation   Hex/Ice        ##........   86%         5    ######.


Dungeon Overview and Level Annotations

Branches:
Dungeon (4/15)              Sewer (visited)
 Temple: D:4-7

Altars:
Ru


Innate Abilities, Weirdness & Mutations

You are very small and have problems with some larger weapons.
You are too small for most types of armour.
You have supernaturally acute eyesight. (SInv)
You are a herbivore.
((You cover ground extremely quickly.))
You need to consume almost no food.


Message History

* * * LOW HITPOINT WARNING * * *
You take 10 damage, and have 2/32 hp.
MASSIVE DAMAGE!!
It was a potion of lignification.
You turn into a tree.
Your +0 robe melds into your body.
Your roots penetrate the ground.
The killer bee stings you but does no damage. x2
You now have 3/48 hp.
It was a potion of flight.
Your roots keep you in place.
The killer bee stings you but does no damage.
The killer bee stings you.
* * * LOW HITPOINT WARNING * * *
You take 2 damage, and have 1/48 hp.
You hit the killer bee but do no damage.
The killer bee appears confused.
The killer bee stings you but does no damage. x2
You hit the killer bee but do no damage.
The killer bee barely misses you.
You catch the helpless killer bee completely off-guard!
You puncture the killer bee! The killer bee stings you.
You die...

.......###................#
.#........................#
.#........................#
.'........................#
.#......................###
...#........#.####......#
.......#................#
.......#........y.......#
................♣.......#
.......#................#
.......#..........#+#####
...#####.............#
.#.#####.............#
#.#.##...####........#
...#.....#
##.##....##########
....#....###
#.##.............#
≈≈≈.#......#
#)##.............#


You could see a killer bee (confused).

Levels and vault maps discovered:
D:1:      dpeg_arrival_refuge, layout_loops_ring
D:2:      layout_basic, first_ration, minmay_small_reverse_x
D:3:      layout_basic, chequers_ecumenical_altar_simple_redux,
          nicolae_ru_awakened_eye, uniq_jessica, uniq_terence
D:4:      layout_basic, gup_sewer_entry_spiral

Notes
Turn   | Place    | Note
-------+----------+-------------------------------------------
     0 | D:1      | lepoulpe303 the Spriggan Earth Elementalist began the quest
                  | for the Orb.
     0 | D:1      | Reached XP level 1. HP: 9/9 MP: 5/5
    51 | D:1      | Identified a +0 dagger
   147 | D:1      | Reached skill level 3 in Spellcasting
   150 | D:1      | Reached XP level 2. HP: 7/13 MP: 5/7
   154 | D:1      | Learned a level 2 spell: Passwall
   499 | D:1      | Reached skill level 3 in Earth Magic
   686 | D:1      | Identified a +0 dagger
   964 | D:1      | Identified a scroll of immolation
   965 | D:1      | Identified a scroll of enchant weapon
  1084 | D:2      | Reached XP level 3. HP: 16/16 MP: 8/8
  1089 | D:2      | Learned a level 3 spell: Stone Arrow
  1093 | D:2      | Identified a +0 club
  1102 | D:2      | Identified a +0 dagger
  1102 | D:2      | Identified a +0 robe
  1102 | D:2      | Identified a +0 dagger
  1102 | D:2      | Identified a +0 flail
  1102 | D:2      | Identified a +0 leather armour
  1325 | D:2      | Identified a +0 club
  1331 | D:2      | Identified a +0 club
  1357 | D:2      | HP: 3/16 [hobgoblin/+0 club (6)]
  1536 | D:2      | Reached XP level 4. HP: 11/21 MP: 6/10
  1816 | D:2      | Learned a level 3 spell: Confusing Touch
  1827 | D:2      | Identified a +0 club
  1850 | D:2      | Reached skill level 4 in Stealth
  1860 | D:2      | Reached skill level 4 in Dodging
  1860 | D:2      | Reached skill level 4 in Spellcasting
  1860 | D:2      | Reached skill level 1 in Hexes
  1978 | D:2      | Reached XP level 5. HP: 24/24 MP: 8/12
  2234 | D:2      | Identified a +0 club
  2309 | D:3      | Identified a +0 mace
  2309 | D:3      | Identified a +0 dagger
  2309 | D:3      | Identified a +0 robe
  2309 | D:3      | Identified a +0 flail
  2309 | D:3      | Identified a +0 morningstar
  2310 | D:3      | Identified a +0 flail
  2325 | D:3      | Reached skill level 2 in Hexes
  2407 | D:3      | Found a sacrificial altar of Ru.
  2408 | D:3      | Identified a +0 robe
  2408 | D:3      | Noticed Jessica
  2487 | D:3      | HP: 3/24 [quokka (4)]
  2667 | D:3      | Identified a +0 club
  2667 | D:3      | Identified a +0 leather armour
  2826 | D:3      | Identified a +0 mace
  2826 | D:3      | Identified a +2 scale mail of cold resistance
  2826 | D:3      | Noticed Terence
  2838 | D:3      | Identified a +0 club
  3207 | D:3      | Reached XP level 6. HP: 19/28 MP: 13/13
  3226 | D:3      | Learned a level 5 spell: Lee's Rapid Deconstruction
  3395 | D:3      | Found a faded altar of an unknown god.
  3422 | D:3      | Identified a +0 flail
  3423 | D:3      | Identified a +0 whip
  3459 | D:3      | Identified a +0 club
  3459 | D:3      | Identified a +0 leather armour
  3460 | D:3      | Identified a +0 dagger
  3460 | D:3      | Identified a +0 robe
  3467 | D:3      | Reached skill level 4 in Earth Magic
  3480 | D:3      | Reached skill level 5 in Stealth
  3646 | D:3      | Identified a +0 dagger
  3655 | D:3      | Identified a +0 dagger
  3655 | D:3      | Identified a +0 hunting sling
  4016 | D:3      | Killed Terence
  4016 | D:3      | Reached skill level 5 in Spellcasting
  4117 | D:3      | Killed Jessica
  4161 | D:3      | Identified 2 scrolls of identify
  4161 | D:3      | Identified a ring of poison resistance (You found it on
                  | level 1 of the Dungeon)
  4238 | D:4      | Reached skill level 3 in Hexes
  4356 | D:4      | Identified a +0 flail
  4465 | D:4      | Found a glowing drain.
  4469 | Sewer    | Entered a sewer
  4512 | Sewer    | Identified a +0 club
  4514 | Sewer    | Identified a +0 club
  4515 | Sewer    | Identified a +0 club
  4845 | D:4      | Reached XP level 7. HP: 30/32 MP: 15/15
  4938 | D:3      | HP: 2/32 [killer bee (8)]
  4939 | D:3      | Identified 3 potions of lignification
  4940 | D:3      | Identified 4 potions of flight
  4943 | D:3      | Slain by a killer bee

Table legend:
 A = Turns spent in this place as a percentage of turns spent in the entire game.
 B = Non-inter-level travel turns spent in this place as a percentage of non-inter-level travel turns spent in the entire game.
 C = Inter-level travel turns spent in this place as a percentage of turns spent in this place.
 D = Turns resting spent in this place as a percentage of non-inter-level travel turns spent in this place.
 E = Turns spent auto-exploring this place as a percentage of non-inter-level travel turns spent in this place.
 F = Non-inter-level travel turns spent in this place divided by the number of levels of this place that you've seen.
                   A       B       C       D       E      F
               +-------+-------+-------+-------+-------+----------------------
         Total | 100.0 | 100.0 |   2.2 |  41.7 |  32.0 | 966.8
       Dungeon |  94.0 |  93.8 |   2.3 |  41.3 |  32.4 | 1134.0
         Sewer |   6.0 |   6.2 |   0.0 |  47.3 |  26.5 | 298.0
               +-------+-------+-------+-------+-------+----------------------

Table legend:
 A = Kills in this place as a percentage of kills in entire the game.
 B = Kills by you in this place as a percentage of kills by you in the entire game.
 C = Kills by friends in this place as a percentage of kills by friends in the entire game.
 D = Other kills in this place as a percentage of other kills in the entire game.
 E = Experience gained in this place as a percentage of experience gained in the entire game.
 F = Experience gained in this place divided by the number of levels of this place that you have seen.
                   A       B       C       D       E      F
               +-------+-------+-------+-------+-------+----------------------
         Total | 100.0 | 100.0 |   N/A |   N/A | 100.0 | 159.6
       Dungeon |  94.1 |  94.1 |   N/A |   N/A |  85.6 | 170.8
         Sewer |   5.9 |   5.9 |   N/A |   N/A |  14.4 | 115.0
               +-------+-------+-------+-------+-------+----------------------

Skill      XL: |  1  2  3  4  5  6 |
---------------+-------------------+-----
Spellcasting   | 3 4 5 |  5.3
Earth Magic    | 3 4 |  4.3
Stealth        | 4 5 |  5.3
Dodging        | 4 |  4.9
Hexes          | 1 2 3 |  3.4
Short Blades   | |  0.8
Transmutations | |  1.3

Action                   |  1- 3 |  4- 6 |  7- 9 || total
-------------------------+-------+-------+-------++-------
Melee: Dagger            |   121 |   257 |    16 ||   394
 Cast: Sandblast         |    14 |    65 |     2 ||    81
       Confusing Touch   |       |     2 |     1 ||     3
  Use: Scroll            |     2 |     1 |       ||     3
       Potion            |       |       |     2 ||     2
 Stab: Sleeping          |     9 |    13 |       ||    22
       Confused          |       |     3 |     1 ||     4
  Eat: Ration            |       |     1 |     1 ||     2
Armor: Robe              |    12 |    30 |     3 ||    45
       Skin              |       |       |     5 ||     5
Dodge: Dodged            |   111 |   256 |    13 ||   380

Vanquished Creatures
  A crocodile (Sewer)
  A killer bee (D:4)
  3 orc wizards
  3 orc priests
  Jessica (D:3)
  Terence (D:3)
  A hound skeleton (D:4)
  9 adders
  An ooze (D:3)
  An adder skeleton (D:3)
  3 worms
  6 leopard geckos
  9 orcs
  8 bats
  6 giant cockroaches
  10 goblins
  3 hobgoblins
  11 jackals
  6 kobolds
  2 quokkas
  A ball python (D:3)
  4 frilled lizards
  10 rats
101 creatures vanquished.
